 Dungeon Crawl Stone Soup version 0.21.1-1-g345015f (webtiles) character file.

2261 kaytrill the Grappler (level 9, -1/80 HPs)
             Began as a Troll Berserker on June 12, 2018.
             Was an Elder of Trog.
             Slain by a killer bee (9 damage)
             ... on level 6 of the Dungeon.
             The game lasted 00:26:43 (4436 turns).

kaytrill the Grappler (Troll Berserker)             Turns: 4436, Time: 00:26:44

Health: -1/80      AC:  5    Str: 29    XL:     9   Next: 15%
Magic:  8/8        EV: 10    Int:  4    God:    Trog [****..]
Gold:   351        SH:  0    Dex:  9    Spells: 8/8 levels left

rFire    . . .     SeeInvis .     - Unarmed
rCold    . . .     Gourm    +   (no shield)
rNeg     . . .     Faith    .   a - +0 animal skin
rPois    .         Spirit   .   (helmet restricted)
rElec    .         Reflect  .   (no cloak)
rCorr    .         Harm     .   (gloves unavailable)
MR       .....                  (boots unavailable)
Stlth    +.........             (no amulet)
HPRegen  0.63/turn              (no ring)
MPRegen  0.11/turn              (no ring)

@: lethally poisoned (-1 -> -6), drained
A: large, unfitting armour, claws 3, fast metabolism 3, gourmand, regeneration
1, shaggy fur 1, tough skin 2
a: Berserk, Trog's Hand, Brothers in Arms, Burn Spellbooks, Renounce Religion


You were on level 6 of the Dungeon.
You worshipped Trog.
Trog was greatly pleased with you.
You were very full.

You visited 1 branch of the dungeon, and saw 7 of its levels.

You collected 351 gold pieces.

Inventory:

Hand Weapons
 k - a +0 club
 o - a +0 giant club
 E - a +2 falchion of flaming
Missiles
 y - 2 tomahawks
 F - 5 javelins (quivered)
Armour
 a - a +0 animal skin (worn)
Jewellery
 d - a +2 ring of intelligence {unknown}
 h - an uncursed ring of protection from cold {unknown}
 l - a cursed amulet of inaccuracy {unknown}
 x - an uncursed amulet of harm {unknown}
 A - a cursed ring of loudness {unknown}
Wands
 p - a wand of digging (14)
Scrolls
 e - a scroll of remove curse {unknown}
 f - a scroll of fear {unknown}
 g - 5 scrolls of identify {unknown}
 n - a scroll of immolation {unknown}
 q - a scroll of magic mapping {unknown}
 r - 2 scrolls of teleportation {unknown}
 t - a scroll of enchant armour {unknown}
 u - a scroll of torment {unknown}
 v - 4 scrolls of amnesia {unknown}
 w - 2 scrolls of blinking {unknown}
 C - a scroll of enchant weapon {unknown}
Potions
 c - a potion of degeneration {unknown}
 i - a potion of haste {unknown}
 j - a potion of curing
 m - a potion of berserk rage {unknown}
 s - a potion of resistance {unknown}
 z - a potion of might {unknown}
 D - a potion of flight {unknown}
Comestibles
 b - 4 rations
 B - a chunk of flesh


   Skills:
 - Level 2.4(1.5) Fighting
 - Level 2.4(1.5) Dodging
 - Level 0.5(0.0) Stealth
 * Level 12.2(11.0) Unarmed Combat


You had 8 spell levels left.
You didn't know any spells.

Dungeon Overview and Level Annotations

Branches:
Dungeon (7/15)             Temple (0/1) D:4

Altars:
Ashenzari
Elyvilon
Trog
Yredelemnul
Zin


Innate Abilities, Weirdness & Mutations

You are too large for most types of armour.
You have claws for hands.
Your metabolism is lightning-fast.
You like to eat raw meat.
Your natural rate of healing is unusually fast.
You are covered in fur. (AC +1)
You have very tough skin. (AC +2)


Message History

* * * LOW HITPOINT WARNING * * *
You are more poisoned.
The killer bee poisons you!
The killer bee stings you but does no damage.
You feel sick. The killer bee stings you!
* * * LOW HITPOINT WARNING * * *
The killer bee closely misses you.
You feel sick.
The killer bee stings you but does no damage.
The killer bee closely misses you.
Items here: )) [ † a scale mail; a dagger; a flail; an orc corpse You feel sick.
The killer bee stings you but does no damage.
You barely miss the killer bee.
The killer bee is heavily wounded.
You feel sick.
The killer bee stings you but does no damage.
The killer bee stings you!
You die...

### ## ..# #. ..# ####### #. ..#
####### #.....# ###. ..#
###.....########.....#####... ..#
#.+.>....5yy@..'..÷..'.......
..###.#[[[....F#####.....#####...
.[.............# ####### #...
...............##################
##.###...........................
#.#...........##.......##...####
#.#...##########.......##.......
#.#.#'##########.......##.......
#.#.......÷...##.......##.......


You could see a bullfrog, 2 killer bees and a crimson imp.

Vanquished Creatures
  2 hippogriffs (D:6)
  The ghost of mike2R the Conjurer, an amateur DECj (D:4)
  Eustachio (D:4)
  A black bear (D:6)
  An ogre (D:4)
  A centaur (D:6)
  A big kobold (D:6)
  2 bullfrogs
  2 scorpions (D:5)
  A killer bee (D:6)
  8 wights (D:6)
  The ghost of kae the Insei, a weakling DsTm of Makhleb (D:3)
  2 crimson imps
  2 jellies (D:6)
  2 orc priests (D:5)
  3 hounds
  A centaur skeleton (D:5)
  A worker ant (D:5)
  3 orc wizards
  Natasha (thrice) (D:4)
  A gnoll (D:1)
  6 adders
  An ooze (D:3)
  5 worms
  4 dart slugs
  5 leopard geckos
  16 orcs
  5 giant cockroaches
  5 goblins
  7 hobgoblins
  2 jackals (D:1)
  10 kobolds
  4 quokkas
  A ball python (D:6)
  9 bats
  3 frilled lizards
  A quokka skeleton (D:6)
  3 rats
  2 plants (D:6)
129 creatures vanquished.

Notes
Turn   | Place    | Note
-------+----------+-------------------------------------------
     0 | D:1      | kaytrill the Troll Berserker began the quest for the Orb.
     0 | D:1      | Reached XP level 1. HP: 22/22 MP: 0/0
    22 | D:1      | Reached XP level 2. HP: 29/29 MP: 1/1
   154 | D:1      | Reached skill level 4 in Unarmed Combat
   196 | D:1      | Reached XP level 3. HP: 21/36 MP: 2/2
   545 | D:2      | Reached ** piety under Trog
   832 | D:2      | Reached XP level 4. HP: 44/44 MP: 3/3
   999 | D:2      | Found a glowing silver altar of Zin.
  1000 | D:2      | Noticed an angel
  1210 | D:3      | Found a shattered altar of Ashenzari.
  1272 | D:3      | Reached skill level 5 in Unarmed Combat
  1419 | D:3      | Noticed kae's ghost (weakling DsTm)
  1429 | D:3      | Killed kae's ghost
  1429 | D:3      | Reached XP level 5. HP: 50/50 MP: 4/4
  2326 | D:4      | Reached skill level 6 in Unarmed Combat
  2347 | D:4      | Noticed an ogre
  2354 | D:4      | Killed an ogre
  2378 | D:4      | Found a white marble altar of Elyvilon.
  2410 | D:4      | Reached XP level 6. HP: 59/59 MP: 5/5
  2438 | D:4      | Noticed mike2R's ghost (amateur DECj)
  2451 | D:4      | Killed mike2R's ghost
  2451 | D:4      | Reached skill level 7 in Unarmed Combat
  2462 | D:4      | Noticed Natasha
  2477 | D:4      | Killed Natasha
  2479 | D:4      | Found a basalt altar of Yredelemnul.
  2638 | D:4      | Noticed Natasha
  2644 | D:4      | Killed Natasha
  2719 | D:4      | Noticed Natasha
  2727 | D:4      | Killed Natasha
  2733 | D:4      | Found a staircase to the Ecumenical Temple.
  2746 | D:4      | Reached *** piety under Trog
  2746 | D:4      | Reached XP level 7. HP: 65/66 MP: 6/6
  2784 | D:4      | Reached skill level 8 in Unarmed Combat
  2809 | D:4      | Noticed Eustachio
  2817 | D:4      | Killed Eustachio
  2996 | D:5      | Entered Level 5 of the Dungeon
  3088 | D:5      | Reached skill level 9 in Unarmed Combat
  3277 | D:5      | Found a bloodstained altar of Trog.
  3405 | D:5      | Reached XP level 8. HP: 71/74 MP: 7/7
  3662 | D:6      | Reached skill level 10 in Unarmed Combat
  3880 | D:6      | Noticed a hippogriff
  3896 | D:6      | Killed a hippogriff
  3908 | D:6      | Reached skill level 11 in Unarmed Combat
  4001 | D:6      | Reached **** piety under Trog
  4056 | D:6      | Noticed a hippogriff
  4062 | D:6      | Killed a hippogriff
  4144 | D:6      | Reached XP level 9. HP: 59/80 MP: 8/8
  4187 | D:6      | Reached skill level 12 in Unarmed Combat
  4436 | D:6      | Slain by a killer bee

Skill      XL: |  1  2  3  4  5  6  7  8  9 |
---------------+----------------------------+-----
Unarmed Combat | 4 5 6 7 9 11 12 | 12.2
Fighting       | |  2.4
Dodging        | |  2.4
Stealth        | |  0.5

Action                   |  1- 3 |  4- 6 |  7- 9 || total
-------------------------+-------+-------+-------++-------
Melee: Unarmed           |    92 |   102 |   186 ||   380
       Punch             |     1 |     3 |     5 ||     9
Invok: Berserk           |       |       |     5 ||     5
       Trog's Hand       |       |       |     1 ||     1
 Stab: Sleeping          |       |     1 |       ||     1
  Eat: Chunk             |     7 |     9 |    21 ||    37
       Ration            |       |     3 |     1 ||     4
Armor: Animal skin       |    33 |    28 |    61 ||   122
Dodge: Dodged            |    51 |    35 |   107 ||   193
